 Dungeon Crawl Stone Soup version 0.28-a0-1152-g9c71ebef14 (webtiles) character file.

Game seed: 13241390364881847805

536 spaghetti the Skirmisher (level 7, 0/53 HPs)
             Began as an Octopode Delver on Dec 14, 2021.
             Was an Initiate of Gozag.
             Shot with an arrow by a centaur (14 damage)
             ... on level 5 of the Dungeon.
             The game lasted 00:06:52 (6226 turns).

spaghetti the Skirmisher (Octopode Delver)          Turns: 6226, Time: 00:06:53

Health: 0/53       AC:  1    Str: 11    XL:     7   Next: 25%
Magic:  6/6        EV: 13    Int: 15    God:    Gozag
Gold:   157        SH:  0    Dex: 13    Spells: 6/6 levels left

rFire   . . .      SeeInvis .   d - +2 halberd (distort) {!wpolearm}
rCold   + . .      Faith    .   (shield currently unavailable)
rNeg    . . .      Spirit   .   (helmet restricted)
rPois   .          Reflect  .   (no amulet)
rElec   .          Harm     .   (no ring)
rCorr   .          Rampage  .   (no ring)
Will    .....                   (no ring)
Stlth   ++++......              (no ring)
HPRegen 0.17/turn               (no ring)
MPRegen 0.10/turn               (no ring)
                                (no ring)
                                (no ring)

@: about to teleport
A: almost no armour, amphibious, 8 rings, camouflage 1, gelatinous body 1,
(nimble swimmer 1), tentacles, cold resistance 1, deterioration 1, low mp 1,
subdued magic 1, MP-powered wands
a: Renounce Religion, Potion Petition, Call Merchant, Bribe Branch


You were on level 5 of the Dungeon.
You worshipped Gozag.
Gozag was aware of your devotion.
You visited 2 branches of the dungeon, and saw 7 of its levels.

You collected 220 gold pieces.
You paid 63 gold pieces to Gozag.


Innate Abilities, Weirdness & Mutations

You cannot wear most types of armour.
You are amphibious.
You can wear up to eight rings at the same time.
Your skin changes colour to match your surroundings (Stealth+).
Your rubbery body absorbs attacks. (AC +1, EV +1)
((You are camouflaged near water. (Stealth+)))
You have tentacles for arms and can constrict up to eight enemies at once.
Your flesh is cold resistant. (rC+)
Your body sometimes deteriorates upon taking damage.
Your magical capacity is low. (-10% MP)
Your spells are a little easier to cast, but a little less powerful.
You expend magic power (3 MP) to strengthen your wands.


   Skills:
 + Level 6.7 Fighting
 - Level 2.0 Short Blades
 + Level 2.7 Polearms
 + Level 2.9 Throwing
 - Level 2.0 Dodging
 - Level 6.6 Stealth


You had 6 spell levels left.
You didn't know any spells.
Your spell library contained the following spells:

 Spells                   Type           Power      Damage    Failure   Level
 Foxfire                  Conj/Fire      0%         2x1d4     22%         1
 Shock                    Conj/Air       0%         1d3       22%         1
 Conjure Flame            Conj/Fire      0%         6-21      58%         3
 Inner Flame              Hex/Fire       0%         N/A       58%         3
 Ozocubu's Armour         Ice            0%         N/A       58%         3
 Flame Wave               Conj/Fire      0%         2d4       94%         4
 Summon Mana Viper        Hex/Summ       0%         N/A       100%        5
 Summon Cactus Giant      Summ           0%         N/A       100%        6
 Ozocubu's Refrigeration  Ice            0%         4d5       100%        7
 Lehudib's Crystal Spear  Conj/Erth      0%         10d2      100%        8

Inventory:

Hand Weapons
 a - a +0 short sword {short}
 d - a +2 halberd of distortion (weapon) {!wpolearm}
   (You took it off a gnoll on level 3 of the Dungeon)
Missiles
 e - 107 arrows
 g - 96 stones {throwing}
 i - 28 sling bullets
 k - 19 poisoned darts (quivered) {throwing}
 l - a boomerang {throwing}
 n - 26 bolts
Armour
 q - a +2 tower shield
   (You found it on level 4 of the Dungeon)
Magical Staves
 h - a staff of conjuration {!a@e2staff}
   (You found it on level 2 of the Dungeon)
Jewellery
 m - a ring of positive energy
   (You found it on level 4 of the Dungeon)
 t - a ring of protection from fire
   (You found it on level 5 of the Dungeon)
Wands
 f - a wand of digging (3)
Scrolls
 b - 2 scrolls of fog
 j - 4 scrolls of identify {@r1}
 r - a scroll of teleportation {@r4}
Potions
 c - a potion of degeneration {!q@e2}
 o - a potion of curing {@q1}
 p - a potion of cancellation {unknown}
 s - a potion of haste {@q3}

Dungeon Overview and Level Annotations

Branches:
Dungeon (6/15)             Temple (1/1) D:4

Altars:
Ashenzari
Cheibriados
Dithmenos
Elyvilon
Fedhas
Gozag
Hepliaklqana
Kikubaaqudgha
Makhleb
Qazlal
Sif Muna
Trog
Uskayaw
Wu Jian
Yredelemnul
The Shining One

Shops:
D:5 [((

Annotations:
D:5 Pikel

.# .. $ ... ##. ....
..## #c. .. .Z#..5.
...#.. 5S5Ko# .....
#5#S# .#.# #.h5###...#
.####### #@.c..#
........
##)#.############.
##........# ####.
..............# ##....
######........###..###
#.......###..## #
#####.#.# #.## # #...#
#.# # #...# #.# #


You could see Pikel, a black bear, 4 lemures, a centaur, an orc priest, 2
adders, a white imp and a bullfrog skeleton.


Message History

No target in view!
No target in view!
No target in view!
You now have 151 gold pieces (gained 5).
s - a potion of haste {@q3} 😎 HP[+4]
Your hp is fully restored (53).
j - 4 scrolls of identify {@r1} (gained 1)
You see here a +0 robe.
r - 2 scrolls of teleportation {@r4} (gained 1)
There is a stone staircase leading down here.
t - a ring of protection from fire A quokka comes into view.
You closely miss the quokka. Your grab misses the quokka.
You squeeze the quokka. The quokka misses you.
You hit the quokka.
You kill the quokka!
No target in view!
No target in view!
No target in view!
No target in view!
No target in view!
No target in view!
No target in view!
No target in view!
No target in view!
No target in view!
You now have 157 gold pieces (gained 6).
Key pressed, stopping explore.
Found a stone staircase leading up.
No target in view!
There is a stone staircase leading up here.
Found a runed whip.
Pikel, Merchant of Souls comes into view.
He is wielding a +2 whip of freezing. 2 lemures come into view.
The lemure shouts!
You hear a shout!
A black bear comes into view.
A centaur comes into view.
An orc priest comes into view. It is wielding a +0 club.
A lemure comes into view.
You see here a +0 whip of venom {mace}.
A lemure and a skeleton come into view.
The orc priest shouts!
Something shouts, "Remove thy stench, thou euchred sheep-biting canker-blossom!"
You hear a shout!
An adder comes into view.
The orc priest mumbles some strange prayers to Beogh against you.
Pain shoots through your body! 😕 HP[-2]
You take 2 damage, and now have 51/53 hp.
You reach to attack!
You barely miss the lemure. The lemure hits you but does no damage.
You closely miss the lemure.
The lemure shouts! x3
Your grab misses the lemure. The lemure hits you but does no damage.
The centaur wields a +0 shortbow.
The centaur shoots an arrow.
The arrow misses you.
Pikel shouts!
You hit the orc priest. You grab the orc priest. You squeeze the orc priest.
The orc priest blinks free!
You hear an angry hiss.
An adder comes into view.
The centaur shoots an arrow.
The arrow barely misses you.
A white imp comes into view.
The lemure completely misses you.
A necrophage comes into view.
The centaur shoots an arrow.
The arrow hits you!
The adder moves out of view.
You closely miss the lemure. Your grab misses the lemure.
The lemure closely misses you. The black bear barely misses you. x2
The black bear claws you. The lemure closely misses you.
You barely miss the black bear. You grab the black bear.
You constrict the black bear.
The centaur shoots an arrow.
The arrow misses you.
The centaur shoots an arrow.
The arrow hits you! The black bear bites you! The black bear claws you.
* * * LOW HITPOINT WARNING * * *
The black bear closely misses you. The lemure hits you!
* * * LOW HITPOINT WARNING * * *
You are too injured to fight recklessly!
You are too injured to fight recklessly!
You are too injured to fight recklessly!
You are too injured to fight recklessly!
You are too injured to fight recklessly!
You are too injured to fight recklessly!
You are too injured to fight recklessly!
You are too injured to fight recklessly!
You are too injured to fight recklessly!
You are too injured to fight recklessly!
You are too injured to fight recklessly!
You are too injured to fight recklessly!
You are too injured to fight recklessly!
You are too injured to fight recklessly! 😨 HP[-37]
You take 37 damage, and now have 14/53 hp.
MASSIVE DAMAGE!! (PAUSE)
Okay, then.
Okay, then.
As you read the scroll of teleportation {@r4}, it crumbles to dust.
You feel strangely unstable.
You constrict the black bear.
The centaur shoots an arrow.
The arrow hits you!
You die...
Your body crumbles into a pile of gold.

Skill      XL: |  1  2  3  4  5  6 |
---------------+-------------------+-----
Fighting       | 4 5 6 |  6.7
Throwing       | 1 2 |  2.9
Polearms       | 1 2 |  2.7
Short Blades   | |  2.0
Dodging        | |  2.0
Stealth        | |  6.6

Action                   |  1- 3 |  4- 6 |  7- 9 || total
-------------------------+-------+-------+-------++-------
Melee: Short sword       |     5 |    82 |       ||    87
       Tentacles         |     1 |    23 |     5 ||    29
       Constrict         |       |    33 |     3 ||    36
       Halberd           |       |    44 |    16 ||    60
Throw: Dart              |       |    11 |       ||    11
  Use: Scroll            |     1 |     6 |     1 ||     8
       Potion            |       |     6 |       ||     6
 Stab: Sleeping          |     2 |    22 |       ||    24
       Distracted        |       |     1 |       ||     1
Armor: Skin              |       |     2 |     2 ||     4
Dodge: Dodged            |       |    60 |    17 ||    77

Levels and vault maps discovered:
D:1:      minmay_arrival_diagonal_passages, layout_loops_corners,
          chequers_ecumenical_altar_island, hangedman_abyss_or_decor_stabs,
          chequers_serial_rivers_micro_c, chequers_serial_rivers_small_3,
          chequers_mini_garden, roderic_roman_lattice
D:2:      kb_forest_paths, layout_loops_ring, basic_altar, uniq_jessica
D:3:      layout_basic, mainiacjoe_overflow_catch_the_wave, uniq_ijyb,
          uniq_crazy_yiuf_cottage
D:4:      layout_layer_cave, minmay_temple_entry_antechambers
D:5:      layout_rooms, serial_shops, shop, nicolae_shop_bloodbath_and_beyond,
          shop, minmay_fractal_squares_5, uniq_pikel
D:6:      layout_basic, serial_glass, glass_columns_a, glass_columns_c
Temple:   eino_temple_water

Notes
Turn   | Place    | Note
-------+----------+-------------------------------------------
     0 | D:5      | spaghetti the Octopode Delver began the quest for the Orb.
     0 | D:5      | Reached XP level 1. HP: 16/16 MP: 1/1
     0 | D:5      | magus.rc [v1.9.6]
    28 | D:5      | Noticed a jelly
    35 | D:5      | Killed a jelly
    36 | D:5      | Reached skill level 4 in Fighting
    36 | D:5      | Reached XP level 2. HP: 18/22 MP: 2/2
    36 | D:5      | Reached XP level 3. HP: 23/27 MP: 3/3
   175 | D:4      | Reached XP level 4. HP: 17/34 MP: 4/4
   348 | D:3      | Found a hazy altar of Hepliaklqana.
   482 | D:2      | Noticed Jessica
   489 | D:2      | Killed Jessica
   490 | D:2      | Reached skill level 5 in Fighting
   865 | D:2      | You pick up a book of Flames and begin reading...
   865 | D:2      | You add the spells Foxfire, Conjure Flame, Inner Flame and
                  | Flame Wave to your library.
   965 | D:2      | Reached XP level 5. HP: 39/39 MP: 5/5
  1069 | D:2      | Found an ornate altar of the Wu Jian Council.
  1191 | D:2      | You fall into a shaft and drop 1 floor!
  1199 | D:2      | Gained mutation: You expend magic power (3 MP) to
                  | strengthen your wands. [potion of mutation]
  1199 | D:2      | Gained mutation: You do not regenerate when monsters are
                  | visible. [potion of mutation]
  1199 | D:2      | Gained mutation: Your flesh is cold resistant. (rC+)
                  | [potion of mutation]
  1199 | D:2      | Gained mutation: You are agile. (Dex +2) [potion of
                  | mutation]
  1656 | D:2      | You add the spells Shock, Summon Mana Viper, Summon Cactus
                  | Giant and Lehudib's Crystal Spear to your library.
  1656 | D:2      | Got the Papyrus of Creative Conjuration {@e2}
  2149 | D:1      | Found a faded altar of an unknown god.
  3121 | D:3      | Found a white marble altar of Elyvilon.
  3126 | D:3      | Reached skill level 6 in Fighting
  3135 | D:3      | HP: 6/41 [gnoll (5)]
  3436 | D:3      | Noticed Ijyb
  3518 | D:3      | Killed Ijyb
  3519 | D:3      | Reached skill level 1 in Throwing
  3704 | D:3      | Found a runed translucent door.
  3774 | D:3      | Lost mutation: You do not regenerate when monsters are
                  | visible. [potion of mutation]
  3774 | D:3      | Lost mutation: You are agile. (Dex +2) [potion of mutation]
  3774 | D:3      | Gained mutation: Your body sometimes deteriorates upon
                  | taking damage. [potion of mutation]
  3774 | D:3      | Gained mutation: You have hidden genetic defects. [potion
                  | of mutation]
  3809 | D:3      | You add the spells Ozocubu's Armour and Ozocubu's
                  | Refrigeration to your library.
  4194 | D:3      | Noticed Crazy Yiuf
  4201 | D:3      | Killed Crazy Yiuf
  4202 | D:3      | Reached skill level 1 in Polearms
  4202 | D:3      | Reached XP level 6. HP: 33/46 MP: 6/6
  4215 | D:3      | Gained mutation: Your spells are a little easier to cast,
                  | but a little less powerful. [hidden defects]
  4431 | D:4      | Reached skill level 2 in Throwing
  4445 | D:4      | Gained mutation: Your magical capacity is low. (-10% MP)
                  | [hidden defects]
  4445 | D:4      | Lost mutation: You have hidden genetic defects. [hidden
                  | defects expressed]
  4612 | D:4      | Found a staircase to the Ecumenical Temple.
  4623 | Temple   | Entered the Ecumenical Temple
  4719 | Temple   | Became a worshipper of Gozag Ym Sagoz the Greedy
  4835 | D:4      | Reached skill level 2 in Polearms
  5927 | D:5      | Found Zafena's Weapon Shoppe.
  5974 | D:5      | Reached XP level 7. HP: 50/51 MP: 6/6
  6022 | D:5      | Found Xuskutill's Weapon Shop.
  6030 | D:5      | Found Keumenur's Armour Shoppe.
  6217 | D:5      | Noticed Pikel
  6226 | D:5      | Shot with an arrow by a centaur

Vanquished Creatures
  2 ogres
  2 jellies
  Crazy Yiuf (D:3)
  A bullfrog skeleton (D:5)
  Jessica (D:2)
  An iguana (D:4)
  An orc wizard (D:4)
  Ijyb (D:3)
  3 adders
  4 gnolls
  A shadow imp (D:5)
  A worm (D:2)
  7 orcs
  8 endoplasms
  3 giant cockroaches
  8 hobgoblins
  5 jackals (D:2)
  3 quokkas
  3 ball pythons
  2 bats
  A frilled lizard (D:2)
  3 goblins
  9 kobolds
  3 rats
74 creatures vanquished.

Table legend:
 A = Non-vault XP
 B = Vault XP
 C = Vault XP percentage of total XP
 D = Non-vault monster count
 E = Vault monster count
 F = Vault count percentage of total count
                 A         B        C        D         E       F
            +---------+---------+-------+---------+---------+-------
      Total |     645 |     121 |  15.8 |      66 |       9 |  12.0
            +---------+---------+-------+---------+---------+-------
        D:1 |      20 |       0 |   0.0 |      12 |       0 |   0.0
        D:2 |      64 |      47 |  42.3 |      21 |       7 |  25.0
        D:3 |      66 |      74 |  52.9 |      10 |       2 |  16.7
        D:4 |     271 |       0 |   0.0 |      17 |       0 |   0.0
        D:5 |     224 |       0 |   0.0 |       6 |       0 |   0.0
            +---------+---------+-------+---------+---------+-------

Illustrated notes

Table legend:
 A = Kills in this place as a percentage of kills in entire the game.
 B = Kills by you in this place as a percentage of kills by you in the entire game.
 C = Kills by friends in this place as a percentage of kills by friends in the entire game.
 D = Other kills in this place as a percentage of other kills in the entire game.
 E = Experience gained in this place as a percentage of experience gained in the entire game.
 F = Experience gained in this place divided by the number of levels of this place that you have seen.
                   A       B       C       D       E      F
               +-------+-------+-------+-------+-------+----------------------
         Total | 100.0 | 100.0 |   N/A | 100.0 | 100.0 | 109.4
       Dungeon | 100.0 | 100.0 |   N/A | 100.0 | 100.0 | 127.7
               +-------+-------+-------+-------+-------+----------------------

Table legend: (Time is in decaauts)
 A = Elapsed time spent in this place.
 B = Non-inter-level travel time spent in this place.
 C = Inter-level travel time spent in this place.
 D = Time resting spent in this place.
 E = Time spent auto-exploring this place.
 F = Levels seen in this place.
 G = Mean time per level.
                   A        B        C        D        E       F      G
               +--------+--------+--------+--------+--------+-----+--------+
         Total |   6223 |   5936 |    287 |   1120 |   4150 |   7 |  889.0 |
       Dungeon |   6108 |   5840 |    268 |   1120 |   4069 |   6 | 1018.0 |
        Temple |    115 |     96 |     19 |      0 |     81 |   1 |  115.0 |
               +--------+--------+--------+--------+--------+-----+--------+

Top non-repeatable levels by time:
     D:4: 1759 daAuts
     D:2: 1622 daAuts
     D:3: 1258 daAuts
     D:1: 1053 daAuts
     D:5: 411 daAuts
  Temple: 115 daAuts
     D:6: 2 daAuts
